Map: [ESL] Goldenaura

Players

ShoWTimE - Winner!

  • Race: Protoss Protoss
  • Spawn Location: 12:00

goblin

  • Race: Protoss Protoss
  • Spawn Location: 5:00

Event: ESL SC2 Masters 2024 Spring (Regional)

VOD

Have the link to the VOD?

Description

Time

  • Played on: April 25, 2024, 10:05 a.m.
  • Length: 13:34

All games in this series

Show
View Real Time Build Order
Export as new Build Order

ShoWTimE Protoss - Winner!

Build Orders: Oracle Opening 

Get SALT Encoding   

  12  0:00  Probe  
  13  0:12  Probe  
  14  0:17  Pylon  
  14  0:24  Probe (Chrono Boost)  
  15  0:36  Probe (Chrono Boost), Gateway  
  16  0:44  Probe (Chrono Boost)  
  16  0:45  Assimilator  
  17  0:50  Probe  
  18  1:03  Probe (Chrono Boost)  
  18  1:04  Assimilator  
  19  1:12  Gateway  
  19  1:13  Probe (Chrono Boost)  
  19  1:18  Probe (Chrono Boost)  
  20  1:24  Cybernetics Core  
  21  1:29  Probe  
  22  1:34  Pylon  
  22  1:41  Probe  
  23  1:53  Probe  
  24  2:00  Adept x2  
  24  2:01  Warp Gate  
  28  2:05  Probe  
  29  2:09  Pylon  
  29  2:22  Stargate  
  29  2:28  Probe  
  30  2:32  Adept  
  30  2:34  Adept  
  34  2:42  Probe  
  35  2:45  Pylon  
  35  2:55  Probe  
  36  3:02  Oracle (Chrono Boost)  
  39  3:21  Nexus  
  39  3:24  Probe  
  40  3:30  Oracle (Chrono Boost)  
  43  3:36  Probe  
  44  3:42  Pylon  
  44  3:48  Probe  
  44  3:54  Twilight Council  
  45  4:00  Probe  
  46  4:13  Probe  
  47  4:19  Stalker  
  47  4:23  Blink (Chrono Boost)  
  49  4:25  Probe  
  50  4:37  Probe x2  
  52  4:45  Stalker x2  
  52  4:49  Probe x2  
  52  4:52  Shield Battery  
  54  4:56  Gateway  
  54  5:01  Probe x2  
  54  5:05  Assimilator  
  56  5:13  Stalker x2, Probe  
  61  5:20  Gateway  
  61  5:26  Probe  
  61  5:27  Pylon, Probe  
  63  5:37  Nexus  
  63  5:43  Stalker x2  
  63  5:47  Shield Battery  
  67  5:51  Stalker  
  67  5:53  Probe  
  67  5:54  Probe  
  71  6:02  Pylon  
  71  6:05  Probe  
  71  6:06  Probe  
  71  6:07  Stalker  
  75  6:11  Pylon  
  75  6:12  Stalker  
  75  6:18  Probe  
  78  6:20  Stalker, Probe  
  78  6:22  Stalker  
  83  6:29  Pylon  
  83  6:30  Probe  
  83  6:32  Probe  
  85  6:37  Forge  
  85  6:43  Stalker, Probe (Chrono Boost)  
  85  6:44  Probe (Chrono Boost)  
  89  6:47  Stalker  
  89  6:51  Probe (Chrono Boost)  
  93  6:56  Probe (Chrono Boost)  
  93  6:59  Shield Battery  
  93  7:00  Probe x2 (Chrono Boost)  
  93  7:01  Stalker  
  97  7:07  Shield Battery  
  97  7:09  Stalker  
  97  7:11  Pylon  
  97  7:13  Gateway  
  99  7:21  Stalker x2  
  93  7:30  Stalker  
  89  7:37  Stalker  
  89  7:38  Gateway  
  89  7:41  Assimilator, Protoss Ground Weapons Level 1 (Chrono Boost)  
  91  7:46  Stalker x2  
  87  7:59  Stalker  
  87  8:04  Charge (Chrono Boost)  
  87  8:05  Stalker, Gateway  
  91  8:08  Pylon  
  91  8:10  Stalker x2  
  95  8:21  Probe x3, Gateway  
  95  8:22  Gateway  
  95  8:24  Stalker x2  
  102  8:27  Photon Cannon  
  102  8:30  Stalker  
  102  8:32  Pylon  
  102  8:33  Photon Cannon, Probe  
  105  8:36  Photon Cannon  
  105  8:40  Stalker x3  
  103  9:00  Stalker x4  
  107  9:04  Nexus  
  107  9:08  Robotics Facility  
  107  9:10  Probe x3  
  107  9:16  Stalker x2  
  114  9:23  Pylon, Protoss Ground Weapons Level 2 (Chrono Boost), Stalker  
  116  9:32  Stalker  
  118  9:41  Probe x3  
  118  9:44  Zealot x4  
  129  9:54  Stalker x3  
  129  9:55  Observer (Chrono Boost)  
  129  9:59  Pylon  
  136  10:00  Probe x3  
  136  10:01  Pylon  
  139  10:10  Pylon  
  139  10:13  Stalker x2  
  139  10:14  Zealot x2  
  143  10:20  Photon Cannon  
  145  10:24  Zealot x3  
  147  10:30  Stalker x2  
  147  10:34  Warp Prism (Chrono Boost)  
  153  10:49  Zealot x4  
  161  10:51  Nexus  
  161  10:56  Stalker x3  
  167  10:57  Probe  
  167  10:58  Probe x2  
  167  10:59  Probe  
  171  11:14  Stalker x6  
  183  11:21  Shield Battery  
  183  11:22  Shield Battery  
  183  11:23  Pylon  
  183  11:30  Zealot x3  
  185  11:42  Zealot x6  
  191  11:51  Gateway  
  191  11:53  Gateway  
  189  11:56  Gateway  
  175  12:11  Stalker x9  
  185  12:26  Dark Shrine  
  185  12:34  Stalker x7, Gateway  
  185  12:36  Gateway  
  199  12:37  Probe  
  199  12:40  Photon Cannon  
  200  12:50  Observer  
  194  12:55  Pylon  
  189  13:00  Zealot x7  
  195  13:10  Zealot x4  
  191  13:20  Stalker x4  
  191  13:22  Nexus  
Show
View Real Time Build Order
Export as new Build Order

goblin Protoss 

Build Orders:  

Get SALT Encoding   

  12  0:00  Probe  
  13  0:12  Probe  
  14  0:17  Pylon  
  14  0:24  Probe (Chrono Boost)  
  15  0:37  Probe (Chrono Boost)  
  15  0:38  Gateway  
  16  0:44  Probe (Chrono Boost)  
  16  0:49  Assimilator  
  17  0:51  Probe  
  17  0:56  Assimilator  
  18  1:03  Probe (Chrono Boost)  
  19  1:11  Gateway  
  19  1:14  Probe (Chrono Boost)  
  20  1:19  Probe (Chrono Boost)  
  21  1:27  Cybernetics Core  
  21  1:30  Probe  
  22  1:39  Pylon  
  22  1:42  Probe  
  23  1:57  Probe  
  24  2:03  Sentry, Stalker, Warp Gate  
  28  2:09  Probe  
  28  2:13  Pylon  
  29  2:21  Probe  
  30  2:31  Stalker  
  30  2:33  Probe  
  30  2:35  Sentry  
  35  2:56  Nexus  
  35  2:57  Probe  
  35  2:59  Sentry  
  37  3:08  Pylon  
  37  3:13  Probe  
  37  3:17  Robotics Facility  
  38  3:25  Probe  
  39  3:36  Twilight Council  
  39  3:37  Probe  
  40  3:43  Shield Battery  
  40  3:50  Shield Battery  
  40  3:54  Stalker  
  42  3:57  Probe  
  42  3:58  Stalker  
  45  4:07  Pylon  
  45  4:08  Probe  
  46  4:10  Observer  
  46  4:11  Probe  
  48  4:21  Stalker  
  50  4:28  Probe x2 (Chrono Boost)  
  52  4:32  Warp Prism  
  52  4:39  Probe x2 (Chrono Boost)  
  52  4:43  Probe (Chrono Boost)  
  52  4:44  Probe (Chrono Boost)  
  52  4:50  Blink (Chrono Boost)  
  53  4:54  Probe (Chrono Boost)  
  53  4:56  Probe (Chrono Boost)  
  55  5:05  Probe (Chrono Boost)  
  55  5:06  Probe (Chrono Boost)  
  57  5:11  Probe (Chrono Boost)  
  57  5:12  Immortal (Chrono Boost)  
  60  5:14  Probe  
  61  5:23  Probe  
  61  5:26  Probe  
  63  5:34  Gateway x2  
  63  5:35  Probe  
  64  5:38  Assimilator  
  65  5:45  Sentry  
  65  5:47  Pylon  
  65  5:48  Immortal (Chrono Boost)  
  70  5:56  Assimilator  
  70  5:58  Pylon  
  70  5:59  Observer  
  70  6:05  Probe x2  
  72  6:12  Stalker x2  
  72  6:16  Pylon  
  72  6:17  Probe x2  
  78  6:28  Immortal (Chrono Boost)  
  82  6:33  Pylon  
  82  6:42  Stalker x3  
  82  6:43  Stalker  
  90  6:48  Observer  
  90  7:02  Nexus  
  89  7:20  Stalker x4  
  79  7:40  Probe x2  
  79  7:44  Forge  
  81  7:52  Probe (Chrono Boost)  
  81  7:53  Probe (Chrono Boost)  
  81  7:58  Stalker x4  
  79  8:02  Observer  
  79  8:05  Probe x2 (Chrono Boost)  
  83  8:11  Probe (Chrono Boost)  
  84  8:14  Protoss Ground Weapons Level 1 (Chrono Boost)  
  84  8:15  Immortal (Chrono Boost)  
  84  8:18  Probe (Chrono Boost)  
  91  8:22  Probe (Chrono Boost)  
  91  8:25  Probe (Chrono Boost)  
  92  8:28  Probe (Chrono Boost)  
  92  8:29  Stalker x2  
  92  8:30  Sentry  
  92  8:31  Probe (Chrono Boost)  
  92  8:32  Probe (Chrono Boost)  
  92  8:33  Sentry  
  91  8:43  Observer (Chrono Boost)  
  90  8:55  Stalker x3  
  92  8:56  Probe  
  92  8:57  Probe, Shield Battery  
  92  9:01  Immortal (Chrono Boost)  
  94  9:10  Probe x2  
  94  9:11  Stalker  
  94  9:12  Forge  
  94  9:13  Pylon  
  98  9:19  Sentry, Stalker x2  
  98  9:22  Pylon  
  104  9:31  Probe x3  
  103  9:35  Immortal  
  108  9:39  Stalker, Protoss Ground Armor Level 1 (Chrono Boost)  
  108  9:43  Probe  
  111  9:54  Pylon, Stalker  
  111  9:55  Stalker x2  
  117  10:02  Nexus  
  117  10:06  Stalker  
  117  10:16  Shield Battery  
  117  10:17  Shield Battery  
  117  10:18  Stalker x2  
  117  10:19  Stalker  
  122  10:29  Protoss Ground Weapons Level 2 (Chrono Boost)  
  122  10:33  Assimilator, Observer (Chrono Boost)  
  122  10:34  Dark Shrine  
  122  10:35  Stalker  
  124  10:40  Pylon, Probe  
  126  10:43  Stalker x3  
  126  10:45  Observer (Chrono Boost)  
  133  10:53  Nexus  
  133  10:55  Pylon  
  133  10:57  Pylon, Shield Battery  
  131  11:15  Stalker x3  
  131  11:16  Stalker  
  139  11:21  Pylon x2  
  139  11:27  Protoss Shields Level 1 (Chrono Boost)  
  139  11:33  Observer  
  140  11:46  Stalker x4  
  145  11:51  Observer  
  136  12:20  Stalker x4  
  142  12:24  Gateway  
  142  12:26  Assimilator, Probe, Gateway  
  142  12:27  Probe  
  142  12:28  Gateway  
  142  12:29  Gateway  
  143  12:37  Nexus  
  143  12:39  Pylon  
  143  12:41  Shield Battery  
  143  12:46  Stalker x4  
  143  12:47  Photon Cannon  
  137  13:11  Stalker x4  
  137  13:23  Pylon  
Tags
 
Add a new tag
Caveats
  • Supply blocks, unpowered buildings, or Contaminate may cause inaccurate times.
  • Supply counts are checked every 10 seconds.